Map: Rifts to Korhal

Players

sTkmonk

  • Race: Terran Terran
  • Spawn Location: 7:00

monk

  • Race: Terran Terran
  • Spawn Location: 7:00

VOD

Have the link to the VOD?

Description

Time

  • Played on: July 25, 2017, 2:58 p.m.
  • Length: 20:40
Show
View Real Time Build Order
Export as new Build Order

sTkmonk Terran 

Build Orders:  

Get SALT Encoding   

Show
View Real Time Build Order
Export as new Build Order

monk Terran 

Build Orders:  

Get SALT Encoding   

  12  0:03  SCV  
  13  0:20  SCV  
  13  0:25  Refinery  
  14  0:37  SCV  
  15  0:43  Refinery  
  15  0:53  SCV  
  16  1:10  SCV  
  17  1:27  SCV  
  18  1:45  Command Center  
  18  1:48  SCV  
  19  2:05  SCV  
  20  2:11  Barracks  
  20  2:22  SCV  
  21  2:39  SCV  
  22  2:56  SCV  
  23  3:18  Elite Marine  
  27  3:29  Defensive Drone  
  27  3:41  Factory  
  27  3:50  SCV x2  
  29  4:07  SCV  
  30  4:13  SCV  
  31  4:22  Refinery  
  31  4:27  SCV  
  32  4:35  SCV  
  33  4:44  SCV  
  34  4:55  Refinery, SCV  
  34  4:58  Barracks Tech Lab  
  34  4:59  Starport  
  35  5:01  SCV  
  36  5:15  Factory Tech Lab  
  36  5:16  SCV  
  36  5:17  Armory  
  36  5:18  Engineering Bay  
  37  5:21  SCV  
  38  5:33  SCV  
  39  5:51  Laser Targeting System  
  39  6:05  SCV  
  40  6:23  Super Stimpack, Starport Tech Lab  
  40  6:34  Terran Vehicle and Ship Weapons Level 1, Terran Infantry Weapons Level 1  
  40  6:36  Ghost Visor  
  40  6:54  Raid Liberator  
  46  7:01  Raid Artillery  
  46  7:23  Ares-Class Targeting System  
  46  7:31  Smart Servos  
  46  7:53  Lockdown Missiles  
  46  8:12  Strike Goliath  
  46  8:16  Raven Type-II  
  46  8:17  Elite Marine  
  58  8:32  Defensive Drone  
  58  8:47  Suppression Shells  
  58  8:56  Railgun Turret  
  58  9:14  Terran Infantry Weapons Level 2  
  58  9:16  Terran Vehicle and Ship Weapons Level 2  
  58  9:17  Suppression Shells  
  58  9:35  Hellbat Rangers  
  62  9:56  Covert Triage  
  62  10:18  Hellbat Rangers  
  66  10:41  Enhanced Manufacturing  
  66  10:50  Strike Goliath  
  66  10:57  Defensive Drone  
  72  11:05  Railgun Turret  
  72  11:19  Raven Type-II  
  74  11:42  Railgun Turret  
  74  11:43  Railgun Turret x2  
  74  12:03  Griffin Airstrike  
  71  12:18  Tactical Airlift  
  70  12:24  Defensive Drone  
  68  12:46  Terran Infantry Weapons Level 3  
  68  12:47  Terran Vehicle and Ship Weapons Level 3  
  68  13:17  Elite Marine  
  72  13:23  Railgun Turret  
  72  13:24  Railgun Turret x2  
  72  13:58  Raid Liberator  
  76  14:41  Defensive Drone  
  76  14:44  Hellbat Rangers  
  76  14:46  Strike Goliath  
  86  15:12  Railgun Turret  
  86  15:13  Railgun Turret x2  
  86  15:22  Defensive Drone  
  86  15:52  Raven Type-II  
  86  15:58  Tactical Airlift  
  88  16:14  Railgun Turret x2  
  88  16:21  Defensive Drone  
  88  16:25  Defensive Drone  
  88  16:49  Raid Liberator  
  94  17:04  Railgun Turret  
  94  17:05  Railgun Turret  
  94  17:20  Defensive Drone  
  92  18:04  Defensive Drone  
  92  18:29  Defensive Drone  
  92  18:33  Defensive Drone  
  92  18:45  Elite Marine  
  92  18:46  Hellbat Rangers  
  100  18:53  Griffin Airstrike  
  100  19:11  Defensive Drone  
  97  20:03  Railgun Turret x2  
  97  20:04  Railgun Turret x2  
  97  20:12  Griffin Airstrike  
Tags
 
Commander
NovaRaynor
Matchup
Co-op
Replay Pack
Co-op Speedrun
Add a new tag
Caveats
  • Supply blocks, unpowered buildings, or Contaminate may cause inaccurate times.
  • Supply counts are checked every 10 seconds.